 Dungeon Crawl Stone Soup version 0.28-b1-25-g9875b3fc8c (webtiles) character file.

Game seed: 1855890602445925350

33726 MisterFreud the Basher (level 13, -8/118 HPs)
             Began as a Troll Berserker on Feb 3, 2022.
             Was a High Priest of Trog.
             Mangled by Rupert (38 damage)
             ... on level 5 of the Lair of Beasts.
             The game lasted 00:28:15 (14448 turns).

MisterFreud the Basher (Troll Berserker)           Turns: 14448, Time: 00:28:15

Health: -8/118     AC: 14    Str: 34    XL:     13   Next: 38%
Magic:  12/12      EV: 11    Int:  5    God:    Trog [*****.]
Gold:   866        SH:  0    Dex: 11    Spells: 12/12 levels left

rFire   + . .      SeeInvis +   n - +2 flail (protect)
rCold   + . .      Faith    .   (no shield)
rNeg    . . .      Spirit   .   y - +1 acid dragon scales
rPois   .          Reflect  .   g - +1 hat
rElec   +          Harm     .   t - +0 cloak
rCorr   +          Rampage  .   (gloves unavailable)
Will    .....                   (boots unavailable)
Stlth   +.........              (no amulet)
HPRegen 1.09/turn               h - ring of Egalitarianism {rElec rF+ rC+ Str+6}
MPRegen 0.13/turn               q - ring of see invisible

@: no status effects
A: large, unfitting armour, claws 3, regeneration 1, shaggy fur 1, tough skin 1
a: Renounce Religion, Berserk, Trog's Hand, Brothers in Arms


You were on level 5 of the Lair of Beasts.
You worshipped Trog.
Trog was extremely pleased with you.
You visited 2 branches of the dungeon, and saw 17 of its levels.
You also visited: Bailey.

You collected 1166 gold pieces.
You spent 300 gold pieces at shops.

Inventory:

Hand Weapons
 c - a +0 morningstar
 m - a +2 whip of venom
 n - a +2 flail of protection (weapon)
 F - a +0 giant spiked club
 N - a +2 great mace of flaming
Missiles
 e - 4 large rocks (quivered)
 p - 5 boomerangs
 s - 35 poisoned darts
 w - 3 curare-tipped darts
 E - 3 javelins
Armour
 g - a +1 hat (worn)
 t - a +0 cloak (worn)
 y - +1 acid dragon scales (worn)
 S - the +4 skin of Zhor {*Englaciate rC+++ SInv}
   (You found it on level 4 of the Lair of Beasts)

   It radiates cold, occasionally slowing all nearby creatures who are not
   resistant to cold.
   rC:        It renders you almost immune to cold.
   SInv:      It lets you see invisible.
Jewellery
 h - the ring of Egalitarianism (left claw) {rElec rF+ rC+ Str+6}
   (You acquired it on level 11 of the Dungeon)

   [ring of protection from cold]

   Str:       It affects your strength (+6).
   rF:        It protects you from fire.
   rC:        It protects you from cold.
   rElec:     It insulates you from electricity.
 q - a ring of see invisible (right claw)
 G - a ring of willpower
 K - a +6 ring of intelligence
Wands
 v - a wand of paralysis (13)
 x - a wand of iceblast (24)
 z - a wand of charming (2)
 Q - a wand of acid (8)
Scrolls
 d - 2 scrolls of identify
 i - a scroll of enchant weapon
 A - 2 scrolls of teleportation
 D - a scroll of fog
 J - 4 scrolls of fear
 L - a scroll of holy word
 M - a scroll of enchant armour
 R - a scroll of magic mapping
Potions
 a - a potion of resistance
 b - a potion of attraction
 f - 6 potions of mutation
 j - 3 potions of haste
 k - 3 potions of curing
 l - 2 potions of invisibility
 o - a potion of flight {unknown}
 r - 5 potions of heal wounds
 u - 3 potions of brilliance
 B - a potion of magic {unknown}
 C - 2 potions of lignification
 H - a potion of degeneration {unknown}
 P - a potion of might {unknown}
Miscellaneous
 O - a lightning rod (4/4)


   Skills:
 + Level 5.3 Fighting
 - Level 14.0 Maces & Flails
 - Level 10.0 Throwing
 - Level 10.0 Armour
 - Level 5.0 Dodging
 + Level 1.5 Evocations


You had 12 spell levels left.
You didn't know any spells.
Your spell library was empty.

Dungeon Overview and Level Annotations

Branches:
Dungeon (12/15)            Temple (0/1) D:4            Lair (5/6) D:9
  Swamp (0/4) Lair:4        Snake (0/4) Lair:3        Slime (0/5) Lair:5
    Orc (0/2) D:9          Bailey (visited)

Altars:
Ashenzari
Elyvilon
Fedhas
Gozag
Hepliaklqana
Nemelex Xobeh
Ru
Sif Muna
Uskayaw
Vehumet
Wu Jian
Beogh
Jiyva
Lugonu

Shops:
D:7 !

Portals:
Abyss: Lair:4

Annotations:
Lair:5 Rupert


Innate Abilities, Weirdness & Mutations

You are too large for most types of armour.
You have claws for hands.
Your natural rate of healing is unusually fast.
You are covered in fur. (AC +1)
You have tough skin. (AC +1)


Message History

Rupert closely misses you. x2
Unknown command.
Throw: 5 large rocks
Press: ? - help, Q - select action, (/) - cycle Shift-Dir - straight line, f/p - Rupert
Aim: Rupert, wielding a +1 battleaxe of freezing and wearing a +3 ring mail of positive energy (heavily wounded, berserk, inner flame, 68% to hit)
You throw a large rock. The large rock hits Rupert!
Flame seeps out of Rupert.
Rupert is heavily wounded.
Rupert is engulfed in blazing flames.
Flame seeps out of Rupert.
Rupert hits you with a +1 battleaxe of freezing!!
* * * LOW HITPOINT WARNING * * *
Rupert freezes you.
* * * LOW HITPOINT WARNING * * *
A black mamba comes into view.
Rupert is engulfed in blazing flames.
Flame seeps out of Rupert.
Rupert closely misses you.
Unknown command.
Rupert is engulfed in blazing flames.
Flame seeps out of Rupert.
Rupert rages.
You feel much better.
Rupert hits you with a +1 battleaxe of freezing!!
* * * LOW HITPOINT WARNING * * *
Rupert freezes you.
* * * LOW HITPOINT WARNING * * *
Rupert misses you.
Unknown command.
You feel much better.
Rupert hits you with a +1 battleaxe of freezing!!
* * * LOW HITPOINT WARNING * * *
Unknown command.
You feel much better. Rupert barely misses you.
The black mamba is engulfed in blazing flames.
Rupert hits you with a +1 battleaxe of freezing!!
* * * LOW HITPOINT WARNING * * *
Rupert freezes you.
* * * LOW HITPOINT WARNING * * *
Unknown command.
You feel much better.
The black mamba is engulfed in blazing flames.
Rupert hits you with a +1 battleaxe of freezing!!!
You die...

****,,,,,..,,*#....##..#.*
*,,****,,.?.,##....#....#*
,,,,,*,*,,..##..........#*
,>,,,***,,P..#....#.#....*
,,,,,*,**,**#.P○§○(.....#*
,,,,,,****,*#.P§..>_..<..*
,,,,,,*******##☼S§......#*
,,,,,,,,*,**##..@..#....#
,,,,,,,**...#...@.......#*
,,,,,,,*,...#.#>.........*
,,,,,,***.....#...##....P*
,,,,,**,*P...P#....#....#*
,,,,**,,,.........##,..P#*
,,,**,,,,..#.#.....#,....#
******,,,,,##.....##,,.P.**
**,**,,,,,,*#.P..###*...#,*
,**,*,,,,,,,#....<.#*...##*


You could see Rupert (berserk, inner flame) and a black mamba.

Vanquished Creatures
  The ghost of Garym the Cleaver, a journeyman MiBe of Trog (D:11)
  Harold (Lair:2)
  5 hydras
  3 two-headed ogres
  Sonja (D:12)
  A deep elf pyromancer (D:12)
  A will-o-the-wisp (Lair:4)
  A cyclops (D:12)
  5 elephants (Lair:3)
  A manticore (D:12)
  3 black mambas
  2 cane toads
  A rime drake (Lair:3)
  Maggie (D:6)
  11 komodo dragons
  2 trolls
  A polar bear (Lair:4)
  8 blink frogs
  Sigmund (D:6)
  35 yaks
  2 wraiths
  A shadow (D:10)
  Eustachio (D:6)
  4 wyverns
  A steam dragon (D:6)
  2 vampire mosquitoes (D:12)
  3 nagas (Lair:3)
  Edmund (D:4)
  3 acid dragons
  6 water moccasins
  3 black bears
  2 sky beasts
  An ice beast (D:8)
  10 orc warriors
  2 necrophages
  7 ogres
  20 wolves
  8 centaurs
  A phantom (D:6)
  Blork the orc (D:4)
  3 kobold brigands
  6 bullfrogs
  A water moccasin zombie (D:5)
  A gnoll sergeant (D:7)
  A water moccasin skeleton (D:5)
  A wyvern skeleton (D:7)
  9 killer bees
  3 wights (D:7)
  5 electric eels
  10 howler monkeys
  2 centaur zombies
  5 hounds
  11 orc priests
  A jelly (D:7)
  Crazy Yiuf (D:4)
  3 iguanas
  Jessica (D:2)
  Ijyb (D:5)
  20 orc wizards
  2 scorpion zombies
  A hound zombie (D:5)
  3 hound skeletons
  A howler monkey zombie (D:10)
  A howler monkey skeleton (D:7)
  8 adders
  4 gnolls (D:7)
  A white imp (D:5)
  An ufetubus (D:5)
  3 adder skeletons
  A worm (D:4)
  3 dart slugs
  66 orcs
  9 ball pythons
  8 endoplasms
  5 giant cockroaches
  8 goblins
  7 hobgoblins
  6 jackals (D:1)
  28 kobolds
  3 quokkas
  A ball python skeleton (D:3)
  4 bats
  2 frilled lizards
  A rat (D:1)
  A lurking horror (Lair:4)
427 creatures vanquished.

Vanquished Creatures (collateral kills)
  An elephant (Lair:3)
1 creature vanquished.

Vanquished Creatures (others)
  2 foxfires (Lair:4)
  6 fungi
  A lurking horror (Lair:4)
  19 plants
28 creatures vanquished.

Grand Total: 456 creatures vanquished

Notes
Turn   | Place    | Note
-------+----------+-------------------------------------------
     0 | D:1      | MisterFreud the Troll Berserker began the quest for the
                  | Orb.
     0 | D:1      | Reached XP level 1. HP: 22/22 MP: 0/0
   120 | D:1      | Reached skill level 3 in Maces & Flails
   122 | D:1      | Reached XP level 2. HP: 28/29 MP: 1/1
   522 | D:1      | Reached XP level 3. HP: 36/36 MP: 2/2
   529 | D:1      | Reached ** piety under Trog
   784 | D:2      | Noticed Jessica
   795 | D:2      | Killed Jessica
   796 | D:2      | Reached skill level 4 in Maces & Flails
   845 | D:2      | Reached XP level 4. HP: 35/44 MP: 3/3
  1387 | D:3      | Reached skill level 5 in Maces & Flails
  1585 | D:3      | Reached XP level 5. HP: 42/50 MP: 4/4
  1751 | D:4      | Noticed a black bear
  1759 | D:4      | Killed a black bear
  1760 | D:4      | Reached skill level 6 in Maces & Flails
  1780 | D:4      | Found a sparkling altar of Nemelex Xobeh.
  1781 | D:4      | Found an opulent altar of Gozag.
  1787 | D:4      | Found a sacrificial altar of Ru.
  1788 | D:4      | Found a hide-covered altar of Uskayaw.
  1789 | D:4      | Noticed Edmund
  1790 | D:4      | Found a broken altar of Ashenzari.
  1790 | D:4      | Found a white marble altar of Elyvilon.
  1806 | D:4      | Killed Edmund
  1807 | D:4      | Reached XP level 6. HP: 37/59 MP: 5/5
  1817 | D:4      | Found a radiant altar of Vehumet.
  1834 | D:4      | Found a hazy altar of Hepliaklqana.
  1837 | D:4      | Found an ornate altar of the Wu Jian Council.
  1890 | D:4      | Reached skill level 7 in Maces & Flails
  2055 | D:4      | Reached XP level 7. HP: 66/66 MP: 6/6
  2095 | D:4      | Found a staircase to the Ecumenical Temple.
  2131 | D:4      | Noticed Blork the orc
  2141 | D:4      | Killed Blork the orc
  2193 | D:4      | Found a runed translucent door.
  2194 | D:4      | Noticed Crazy Yiuf
  2246 | D:4      | Reached *** piety under Trog
  2495 | D:4      | Killed Crazy Yiuf
  2550 | D:5      | Entered Level 5 of the Dungeon
  2584 | D:5      | Reached skill level 8 in Maces & Flails
  2617 | D:5      | Found a blossoming altar of Fedhas.
  2779 | D:5      | Noticed a wyvern
  2791 | D:5      | Killed a wyvern
  2792 | D:5      | Reached XP level 8. HP: 77/78 MP: 7/7
  2856 | D:5      | Noticed Ijyb
  2872 | D:5      | Killed Ijyb
  3020 | D:6      | Noticed Sigmund
  3043 | D:6      | Killed Sigmund
  3108 | D:6      | Noticed Eustachio
  3229 | D:6      | Killed Eustachio
  3230 | D:6      | Reached skill level 5 in Fighting
  3230 | D:6      | Reached skill level 5 in Dodging
  3230 | D:6      | Reached skill level 1 in Throwing
  3312 | D:6      | Noticed Maggie
  3320 | D:6      | Killed Maggie
  3321 | D:6      | Reached XP level 9. HP: 88/88 MP: 8/8
  3461 | D:6      | Reached skill level 1 in Armour
  4070 | D:6      | Found a shimmering blue altar of Sif Muna.
  4524 | D:7      | Reached skill level 5 in Armour
  4571 | D:7      | Found Hyeng's Distillery.
  4574 | D:7      | Bought a potion of haste for 120 gold pieces
  4574 | D:7      | Bought a potion of heal wounds for 60 gold pieces
  4574 | D:7      | Bought a potion of haste for 120 gold pieces
  5120 | D:8      | Found a flagged portal.
  5125 | Bailey   | Entered a bailey
  5150 | Bailey   | Reached skill level 5 in Throwing
  5385 | D:8      | Reached XP level 10. HP: 66/96 MP: 9/9
  5634 | D:8      | Reached **** piety under Trog
  5821 | D:8      | Reached skill level 9 in Maces & Flails
  6827 | D:9      | Found a staircase to the Orcish Mines.
  7172 | D:9      | Noticed a two-headed ogre
  7186 | D:9      | Killed a two-headed ogre
  7186 | D:9      | Reached ***** piety under Trog
  7187 | D:9      | Reached skill level 10 in Maces & Flails
  7474 | D:9      | Found a staircase to the Lair.
  7638 | D:10     | Entered Level 10 of the Dungeon
  7852 | D:10     | Reached XP level 11. HP: 102/102 MP: 10/10
  8518 | D:11     | Reached skill level 11 in Maces & Flails
  8597 | D:11     | Noticed a two-headed ogre
  8632 | D:11     | Killed a two-headed ogre
  8686 | D:11     | Noticed a two-headed ogre
  8698 | D:11     | Killed a two-headed ogre
  8709 | D:11     | Identified a scroll of acquirement
  8709 | D:11     | Acquired the ring of Egalitarianism {rElec rF+ rC+ Str+6}
  8731 | D:11     | Reached skill level 12 in Maces & Flails
  8748 | D:11     | Noticed an eight-headed hydra
  8758 | D:11     | Killed an eight-headed hydra
  9007 | D:11     | Found a runed translucent gate.
  9008 | D:11     | Noticed Garym's ghost (journeyman MiBe)
  9008 | D:11     | Found a runed translucent gate.
  9009 | D:11     | Found a runed translucent gate.
  9270 | D:11     | Killed Garym's ghost
  9688 | D:12     | Noticed Sonja
  9690 | D:12     | Killed Sonja
  9769 | D:12     | Noticed a deep elf pyromancer
  9787 | D:12     | Killed a deep elf pyromancer
  9860 | D:12     | Reached XP level 12. HP: 111/111 MP: 11/11
 10114 | Lair:1   | Entered Level 1 of the Lair of Beasts
 10201 | Lair:1   | Noticed an eight-headed hydra
 10201 | Lair:1   | Noticed a six-headed hydra
 10211 | Lair:1   | Killed an eight-headed hydra
 10215 | Lair:1   | Killed a six-headed hydra
 10355 | Lair:1   | Reached skill level 13 in Maces & Flails
 10732 | Lair:1   | Noticed a six-headed hydra
 10742 | Lair:1   | Killed a six-headed hydra
 10927 | Lair:1   | Reached skill level 10 in Throwing
 11455 | Lair:2   | Noticed Harold
 11471 | Lair:2   | Killed Harold
 12239 | Lair:3   | Found a staircase to the Snake Pit.
 12303 | Lair:3   | Reached skill level 14 in Maces & Flails
 12303 | Lair:3   | Reached XP level 13. HP: 108/118 MP: 12/12
 12320 | Lair:3   | Received a gift from Trog
 13489 | Lair:4   | Found a staircase to the Swamp.
 13536 | Lair:4   | Found a one-way gate to the infinite horrors of the Abyss.
 13537 | Lair:4   | Found a corrupted altar of Lugonu.
 13673 | Lair:4   | Reached skill level 10 in Armour
 13732 | Lair:4   | Found the +4 skin of Zhor {*Englaciate rC+++ SInv}
 13928 | Lair:4   | Reached skill level 1 in Evocations
 14423 | Lair:5   | Found a staircase to the Slime Pits.
 14423 | Lair:5   | Found a viscous altar of Jiyva.
 14429 | Lair:5   | Noticed Rupert
 14430 | Lair:5   | Paralysed by Rupert for 7 turns
 14445 | Lair:5   | HP: 4/118 [Rupert (2)]
 14448 | Lair:5   | Mangled by Rupert

Illustrated notes

Levels and vault maps discovered:
D:1:      elethiomel_arrival_infinity_welcomes_careful_drivers, layout_basic
D:2:      layout_rooms, uniq_jessica
D:3:      layout_rooms, serial_undead, serial_undead_a, serial_undead_b,
          serial_undead_c, serial_undead_e, serial_undead_f,
          minmay_misc_feat_room, kennysheep_generic_room_4
D:4:      layout_rooms, nicolae_overflow_hallway_of_the_gods,
          minmay_temple_entry_from_below_a, uniq_blork_the_orc, uniq_edmund,
          uniq_crazy_yiuf_cottage
D:5:      layout_rooms, fedhas_altar_3, uniq_ijyb
D:6:      layout_loops_ring, lemuel_blue_sif_altar, st_stairs_6, uniq_eustachio,
          uniq_sigmund, uniq_maggie
D:7:      layout_basic, serial_shops, kennysheep_mini_moat, serial_aquarium,
          aquarium_bridge_square [aquarium_subvault_window,
          aquarium_subvault_wall, aquarium_subvault_bridge,
          aquarium_subvault_wall], aquarium_window_corner, aquarium_window_1,
          aquarium_window_corner, aquarium_window_3, aquarium_view_2d,
          aquarium_view_2c, aquarium_balcony_5b, aquarium_pool_2
D:8:      layout_cave_pods, enter_bailey_2, minmay_crystal_room,
          grunt_decor_junction
D:9:      layout_gridville, erik_lair_island, hiddenorc2_lemuel
D:10:     layout_loops_cross
D:11:     layout_rooms, biasface_ghost_orc_armoury
D:12:     layout_roguey, uniq_sonja
Lair:1:   layout_roguey, gauntlet_entry_generic, nicolae_quartered_pool_impasse,
          grunt_megastairs_2, serial_bayou_shore_a
Lair:2:   layout_hall_layers, uniq_harold
Lair:3:   layout_small_grid, guppyfry_snake_entry_garden, serial_bayou_shore_b
Lair:4:   layout_roguey, minmay_swamp_entry_wisps, serial_bayou_pond_d,
          amcnicky_altar_lugonu_corruption
Lair:5:   layout_concentric_octagons, slime_altar_1, uniq_rupert

Skill      XL: |  1  2  3  4  5  6  7  8  9 10 11 12 13 |
---------------+----------------------------------------+-----
Maces & Flails | 3 4 5 6 7 8 10 12 14 | 14.0
Fighting       | 3 5 |  5.3
Dodging        | 3 5 |  5.0
Throwing       | 3 5 7 8 10 | 10.0
Armour         | 5 6 8 10 | 10.0
Evocations     | 1 |  1.5

Action                   |  1- 3 |  4- 6 |  7- 9 | 10-12 | 13-15 || total
-------------------------+-------+-------+-------+-------+-------++-------
Melee: Mace              |    91 |   117 |       |       |       ||   208
       Punch             |       |     2 |     4 |    16 |     4 ||    26
       Unarmed           |       |    14 |       |       |       ||    14
       Flail             |       |    59 |   412 |  1124 |   270 ||  1865
Throw: Boomerang         |       |       |     1 |    31 |    17 ||    49
       Large rock        |       |       |       |       |     3 ||     3
Invok: Berserk           |       |     1 |     8 |     7 |     2 ||    18
       Trog's Hand       |       |     2 |     5 |    11 |     1 ||    19
       Brothers in Arms  |       |       |       |     1 |     1 ||     2
Evoke: Wand              |       |       |       |     8 |       ||     8
  Use: Scroll            |       |       |    16 |     4 |     2 ||    22
       Potion            |       |       |     1 |     1 |     5 ||     7
 Stab: Sleeping          |     1 |       |       |       |       ||     1
Armor: Animal skin       |    38 |    92 |   160 |       |       ||   290
       Skin              |       |     1 |       |       |       ||     1
       Acid dragon scale |       |       |   126 |   714 |   159 ||   999
Dodge: Dodged            |    62 |    85 |   288 |   688 |   163 ||  1286
